Map: Ruins of Endion

Players

LiquidTLO (TLO) - Winner!

  • Race: Zerg Zerg
  • League: Grandmaster

Namshar

  • Race: Zerg Zerg
  • League: Grandmaster

VOD

Have the link to the VOD?

Description

Time

  • Played on: July 3, 2016, 7:25 a.m.
  • Length: 8:02
Show
View Real Time Build Order
Export as new Build Order

LiquidTLO Zerg - Winner!

Build Orders: Hatch First 

Get SALT Encoding   

  12  0:01  Drone  
  13  0:12  Overlord  
  13  0:18  Drone  
  14  0:31  Drone  
  14  0:33  Drone  
  16  0:49  Hatchery  
  15  0:51  Drone  
  15  0:55  Drone  
  17  1:10  Spawning Pool  
  16  1:12  Drone  
  16  1:15  Extractor  
  16  1:17  Drone  
  17  1:21  Drone  
  18  1:28  Drone  
  19  1:38  Overlord  
  19  1:57  Queen  
  19  1:59  Zergling x2  
  22  2:01  Queen  
  22  2:02  Drone  
  22  2:03  Drone  
  26  2:11  Drone  
  26  2:12  Drone  
  28  2:22  Drone x2  
  30  2:35  Lair  
  30  2:36  Overlord  
  31  2:37  Drone  
  31  2:43  Drone, Evolution Chamber  
  31  2:45  Drone  
  32  2:54  Roach Warren, Drone  
  32  2:55  Drone  
  34  3:05  Zergling x2  
  34  3:06  Drone  
  34  3:07  Overlord  
  34  3:08  Extractor  
  34  3:09  Drone x2  
  34  3:11  Drone  
  37  3:13  Drone  
  37  3:17  Zerg Missile Weapons Level 1  
  38  3:22  Drone  
  39  3:31  Overlord  
  39  3:34  Glial Reconstitution  
  39  3:36  Drone  
  39  3:37  Drone x2  
  39  3:39  Overlord  
  42  3:42  Roach  
  42  3:44  Roach  
  46  3:50  Roach  
  46  3:52  Roach  
  46  3:54  Overlord  
  50  3:59  Roach  
  52  4:03  Roach  
  52  4:06  Roach  
  56  4:17  Hatchery  
  56  4:21  Drone x3  
  56  4:22  Drone x2  
  60  4:26  Drone  
  60  4:29  Extractor, Drone  
  60  4:30  Drone x2  
  63  4:36  Drone  
  64  4:38  Evolution Chamber  
  64  4:42  Overlord  
  64  4:43  Drone  
  64  4:53  Queen  
  64  4:59  Drone  
  67  5:00  Overlord  
  67  5:04  Zerg Ground Armor Level 1  
  67  5:06  Overlord  
  67  5:07  Hydralisk Den  
  67  5:09  Roach  
  67  5:14  Roach x2  
  72  5:16  Roach  
  72  5:17  Roach  
  72  5:21  Zerg Missile Weapons Level 2  
  76  5:23  Extractor, Roach  
  76  5:25  Roach  
  76  5:27  Drone x2  
  81  5:31  Drone  
  81  5:34  Drone x2  
  81  5:35  Drone  
  85  5:39  Overlord  
  85  5:40  Roach  
  85  5:42  Roach  
  89  5:50  Overlord  
  89  5:52  Roach x2  
  93  5:59  Drone x2  
  93  6:01  Drone x2  
  93  6:02  Roach x2  
  93  6:04  Roach  
  103  6:05  Roach  
  103  6:11  Drone  
  106  6:15  Overlord  
  106  6:16  Roach x2  
  110  6:21  Roach x2  
  110  6:23  Overlord  
  110  6:24  Overlord  
  110  6:25  Extractor  
  113  6:26  Overlord  
  113  6:32  Ravager  
  114  6:33  Overlord  
  114  6:35  Ravager x4  
  114  6:38  Roach x2  
  122  6:41  Overlord  
  122  6:42  Roach  
  122  6:46  Roach  
  126  6:50  Roach  
  128  6:55  Roach x2  
  128  6:56  Roach  
  128  6:57  Roach  
  128  6:58  Roach x2  
  128  6:59  Roach  
  142  7:02  Roach  
  142  7:06  Roach x3  
  150  7:12  Roach  
  150  7:14  Roach x2  
  150  7:15  Roach  
  158  7:17  Roach  
  158  7:20  Roach  
  162  7:29  Ravager  
  162  7:31  Overlord  
  162  7:38  Roach  
  162  7:42  Roach  
  164  7:54  Ravager  
  164  7:57  Ravager  
Show
View Real Time Build Order
Export as new Build Order

Namshar Zerg 

Build Orders: Hatch First 

Get SALT Encoding   

  12  0:01  Drone  
  13  0:12  Overlord  
  13  0:17  Drone  
  14  0:31  Drone x2  
  14  0:34  Drone  
  17  0:52  Hatchery  
  17  0:54  Drone  
  17  0:57  Drone  
  18  1:09  Extractor  
  17  1:12  Spawning Pool  
  17  1:15  Drone  
  17  1:18  Drone  
  18  1:28  Drone  
  19  1:38  Overlord  
  19  1:50  Drone  
  20  1:59  Queen  
  20  2:00  Drone  
  23  2:04  Queen  
  23  2:05  Zergling x2  
  26  2:12  Drone  
  27  2:15  Zergling x2  
  28  2:23  Drone  
  28  2:27  Drone  
  30  2:33  Drone  
  30  2:36  Drone  
  32  2:41  Hatchery  
  31  2:46  Overlord  
  31  2:50  Drone  
  32  2:56  Drone  
  33  2:59  Drone, Evolution Chamber  
  33  3:10  Drone x5  
  38  3:14  Drone  
  38  3:15  Roach Warren  
  38  3:21  Queen  
  38  3:24  Drone  
  41  3:30  Overlord  
  41  3:33  Drone x2  
  42  3:38  Zerg Missile Weapons Level 1  
  42  3:41  Drone x2  
  43  3:45  Overlord  
  43  3:49  Lair  
  43  3:54  Drone x3  
  46  3:55  Drone  
  46  3:57  Drone  
  46  4:01  Overlord  
  48  4:03  Drone  
  48  4:04  Drone  
  52  4:16  Drone x2  
  54  4:17  Drone x2  
  54  4:19  Overlord  
  54  4:23  Roach  
  54  4:24  Roach  
  60  4:26  Roach  
  60  4:28  Roach  
  60  4:30  Roach  
  66  4:32  Roach x3  
  66  4:36  Spine Crawler  
  69  4:39  Roach, Spine Crawler  
  69  4:41  Roach  
  69  4:43  Roach  
  69  4:44  Roach  
  76  4:47  Roach  
  76  4:50  Overlord  
  78  4:53  Queen  
  78  4:55  Roach  
  82  5:01  Overlord x2  
  82  5:04  Extractor x2  
  80  5:09  Zergling x2, Roach  
  80  5:10  Zergling x10  
  88  5:18  Queen  
  88  5:19  Queen  
  92  5:22  Drone x2  
  92  5:23  Drone  
  92  5:26  Drone  
  92  5:27  Overlord  
  96  5:30  Overseer  
  96  5:37  Spore Crawler  
  95  5:42  Spore Crawler  
  95  5:45  Drone x9  
  103  5:50  Extractor, Queen  
  103  5:51  Extractor  
  103  5:54  Metabolic Boost  
  105  6:06  Overlord  
  105  6:11  Drone x2  
  105  6:13  Drone x2  
  105  6:14  Overlord x2  
  105  6:15  Overlord  
  109  6:23  Glial Reconstitution  
  109  6:26  Overlord x2  
  109  6:30  Extractor  
  109  6:32  Overlord x2  
  106  6:36  Drone x3  
  106  6:37  Drone x6  
  106  6:39  Drone  
  116  6:40  Drone  
  116  6:46  Roach  
  119  6:48  Roach x2  
  123  6:57  Drone  
  123  6:59  Spire  
  123  7:00  Roach x5  
  133  7:07  Overlord  
  133  7:11  Overseer  
  133  7:13  Roach x5  
  133  7:15  Overlord  
  143  7:17  Overlord  
  141  7:31  Roach x4  
  141  7:32  Roach  
  150  7:40  Roach  
  150  7:41  Roach x6  
Tags
 
Add a new tag
Caveats
  • Supply blocks, unpowered buildings, or Contaminate may cause inaccurate times.
  • Supply counts are checked every 10 seconds.